[Event "*** Titled Tuesday Blitz"]
[Site "Chess.com"]
[Date "2020.04.21"]
[Round "7"]
[White "MisiekZielony"]
[Black "chessfrendz"]
[Result "1-0"]
[WhiteElo "2073"]
[BlackElo "2250"]
[TimeControl "180+1"]
[EndTime "11:21:40 PDT"]
[Termination "MisiekZielony won by resignation"]

1. c4 e6 2. Nc3 Nf6 3. e4 d5 4.
cxd5 exd5 5. e5 Ne4 6. Nf3 Nxc3 7.
dxc3 Be7 8. Bd3 O-O 9. Qc2 h6 10. h3 c5 11. O-O c4 12. Bh7+ Kh8 13. Bf5 Be6 14. Nd4 Qd7 15. Nxe6 fxe6 16. Bg4 Bc5 17. Qg6 Nc6 18. Qxe6 Qxe6 19. Bxe6 Rad8 20. Be3 Bxe3 21. fxe3 Rfe8 22. Bf7 Rxe5 23. Rad1 Rd7 24. Rf3 Kh7 25. h4 g6 26. Rdf1 Kg7 27. Rf6 Ne7 28. Be6 Nf5 29.
Bxd7 Kxf6 30. g4 Ke7 31. gxf5 Kxd7 32. fxg6 Rxe3 33. Kg2 Re7 34. h5 Ke8 35. Rf5 Re2+ 36. Kf3 Re7 37. Rxd5 Kf8 38. Kf4 Kg7 39. Re5 Rc7 40.
Ke4 Rd7 41. Rd5 Re7+ 42. Kd4 Rc7 43. Rc5 1-0

[Event "*** Titled Tuesday Blitz"]
[Site "Chess.com"]
[Date "2020.04.21"]
[Round "7"]
[White "H3nriqueTV"]
[Black "The_Machine04"]
[Result "0-1"]
[WhiteElo "2148"]
[BlackElo "2327"]
[TimeControl "180+1"]
[EndTime "11:21:40 PDT"]
[Termination "The_Machine04 won by resignation"]

1. e4 d6 2. d4 Nf6 3. Bd3 e5 4.
c3 Nbd7 5. Nf3 d5 6. dxe5 dxe4 7. exf6 exf3 8. fxg7 Bxg7 9. Qxf3 Ne5 10. Bb5+ c6 11.
Qg3 O-O 12. Be2 Bf5 13. O-O Ng6 14. Bg5 Qc8 15. Nd2 Re8 16. Bf3 Be5 17. Nc4 Bxg3 18.
fxg3 Qc7 19. Rad1 Be6 20. Nd6 Red8 21. Bxd8 Rxd8 22. Ne4 Kg7 23. Rde1 Qb6+ 24. Kh1 Qxb2 25. Rb1 Qxa2 26. Rxb7 Qa6 27. Rfb1 Ba2 28. Nc5 Qa5 29. R1b2 Qxc5 30. Rxa2 Qxc3 31. h3 Ne5 32. Raxa7 Qc4 33.
Bh5 Qf1+ 34. Kh2 Rd2 0-1

[Event "*** Titled Tuesday Blitz"]
[Site "Chess.com"]
[Date "2020.04.21"]
[Round "7"]
[White "jefferyx"]
[Black "RovenVogel"]
[Result "1-0"]
[WhiteElo "2852"]
[BlackElo "2690"]
[TimeControl "180+1"]
[EndTime "11:21:43 PDT"]
[Termination "jefferyx won by resignation"]

1. c4 e6 2. Nc3 d5 3. d4 Be7 4. Bf4 Nf6 5. e3 O-O 6. a3 b6 7.
Nb5 Na6 8. Nf3 c6 9. Nc3 c5 10. cxd5 Nxd5 11. Nxd5 exd5 12. Bd3 Nc7 13. Qc2 h6 14.
O-O Ne6 15. Bg3 Bd6 16. Bh7+ Kh8 17. Bf5 Bxg3 18. hxg3 Qf6 19. Bxe6 Bxe6 20. dxc5 Rfc8 21. b4 bxc5 22. bxc5 Bf5 23. Qc1 Bd3 24. Rd1 Bc4 25.
e4 Rxc5 26. Qe3 Rac8 27. e5 Qg6 28. Nd4 Qe4 29. Re1 Qxe3 30. Rxe3 Rb8 31. e6 fxe6 32.
Rae1 Ra5 33. Rf3 Ra6 34. Rxe6 Rxe6 35. Nxe6 Rb1+ 36. Kh2 Re1 37. Rf8+ Kh7 38. Re8 Re2 39. f3 d4 40. Nf8+ Kg8 41. Rc8 d3 42. Nd7+ Kf7 43.
Rxc4 Ke6 44. Rd4 1-0

[Event "*** Titled Tuesday Blitz"]
[Site "Chess.com"]
[Date "2020.04.21"]
[Round "7"]
[White "SerGo055"]
[Black "AlexTriapishko"]
[Result "0-1"]
[WhiteElo "2576"]
[BlackElo "2752"]
[TimeControl "180+1"]
[EndTime "11:21:43 PDT"]
[Termination "AlexTriapishko won on time"]

1. d4 Nf6 2. Nf3 g6 3. c4 Bg7 4. Nc3 d5 5. e3 O-O 6. Qb3 e6 7. Bd2 b6 8. Rd1 Bb7 9. cxd5 exd5 10. Be2 Nbd7 11. O-O Re8 12. Rc1 a6 13. Rfd1 Ra7 14.
Bf1 c5 15. dxc5 bxc5 16. Na4 Ne4 17. Be1 Qa8 18. Ba5 Bc6 19. Nc3 Rb8 20. Qc2 d4 21.
exd4 Nxc3 22. Bxc3 Bxf3 23. gxf3 c4 24. Bxc4 Qxf3 25.
Rd3 Qf4 26. Re1 Nb6 27. Bb3 Rd7 28. Qe2 Nd5 29. Rf3 Qg5+ 30. Rg3 Qf5 31. Qe4 Qh5 32.
Qg4 Qxg4 33. Rxg4 Rc8 34. Rg3 Nf4 35. Re4 Rxd4 36. Rxd4 Bxd4 0-1

[Event "*** Titled Tuesday Blitz"]
[Site "Chess.com"]
[Date "2020.04.21"]
[Round "7"]
[White "raviteja81293"]
[Black "regular_legs"]
[Result "0-1"]
[WhiteElo "2775"]
[BlackElo "2593"]
[TimeControl "180+1"]
[EndTime "11:21:44 PDT"]
[Termination "regular_legs won by checkmate"]

1. d4 e6 2. Nf3 c5 3. e3 Nf6 4.
Bd3 d5 5. O-O Nbd7 6. b3 Bd6 7.
Bb2 O-O 8. Nbd2 Qe7 9. Re1 cxd4 10. exd4 Ba3 11. Bxa3 Qxa3 12. Ne5 Nxe5 13. dxe5 Nd7 14. Re3 g6 15. Qg4 Re8 16. Rae1 b6 17. Nf3 Ba6 18. Ng5 Bxd3 19. cxd3 h6 20. Nh3 Rac8 21. Nf4 Nf8 22. Nh5 Nh7 23. Nf6+ Nxf6 24. exf6 Rc1 25. h4 Rxe1+ 26. Rxe1 Rc8 27. h5 g5 28. Rxe6 Qc1+ 29.
Kh2 fxe6 30. Qxe6+ Kh8 31. f7 Qf4+ 32. Kh3 Qh4# 0-1

[Event "*** Titled Tuesday Blitz"]
[Site "Chess.com"]
[Date "2020.04.21"]
[Round "7"]
[White "Angel_Hranitel_37"]
[Black "AlexandraBotez"]
[Result "1-0"]
[WhiteElo "2378"]
[BlackElo "2114"]
[TimeControl "180+1"]
[EndTime "11:21:44 PDT"]
[Termination "Angel_Hranitel_37 won by resignation"]

1. d4 Nf6 2. c4 g6 3. Nf3 Bg7 4. g3 d5 5. Bg2 dxc4 6. O-O O-O 7.
Na3 Nc6 8. Nxc4 Be6 9. b3 Ne4 10. Bb2 Qd7 11. Nfe5 Nxe5 12. Nxe5 Bxe5 13. dxe5 Bd5 14.
Bxe4 c6 15. Bxd5 cxd5 16. e4 Rfd8 17. exd5 Qb5 18. e6 f6 19. Qg4 Rxd5 20. Rfd1 Rf5 21. Rd7 Qb6 22. Qe2 Re8 23. Rc1 Qb4 24. Rcc7 b5 25.
Rxa7 h5 26. Ba3 Qc3 27. Rxe7 Rxe7 28. Rxe7 h4 29. Bb2 Qc5 30. Rd7 h3 31. e7 Rxf2 32.
e8=Q+ 1-0

[Event "*** Titled Tuesday Blitz"]
[Site "Chess.com"]
[Date "2020.04.21"]
[Round "7"]
[White "donotreadit"]
[Black "GelmanAlexander"]
[Result "1-0"]
[WhiteElo "2681"]
[BlackElo "2494"]
[TimeControl "180+1"]
[EndTime "11:21:45 PDT"]
[Termination "donotreadit won by checkmate"]

1. Nf3 c5 2. b3 e6 3. Bb2 Nf6 4. g3 Be7 5. Bg2 O-O 6. O-O d6 7. c4 a6 8. Nc3 Nc6 9. d4 cxd4 10.
Nxd4 Ne5 11. h3 Qc7 12. Rc1 Bd7 13. e3 Rac8 14. Kh2 Qb8 15. Qe2 Rfd8 16. Rfd1 h6 17.
Nc2 b5 18. cxb5 axb5 19. a3 d5 20. e4 dxe4 21. Nxe4 Nxe4 22. Bxe4 Nc6 23. Ne3 Bf8 24. Rxd7 Rxd7 25. Rxc6 Rxc6 26. Bxc6 Rd8 27. Bxb5 Qa8 28.
Ng4 Bxa3 29. Nxh6+ Kf8 30. Qh5 g6 31. Qe5 Bxb2 32.
Qxb2 Qf3 33. Ng4 Rd1 34. Qh8+ Ke7 35. Qe8+ Kd6 36. Qb8+ Kc5 37. b4+ Kd4 38. Qe5# 1-0

[Event "*** Titled Tuesday Blitz"]
[Site "Chess.com"]
[Date "2020.04.21"]
[Round "7"]
[White "Oligan22"]
[Black "fancyknightmaneuvers"]
[Result "1-0"]
[WhiteElo "2440"]
[BlackElo "2581"]
[TimeControl "180+1"]
[EndTime "11:21:45 PDT"]
[Termination "Oligan22 won by resignation"]

1. e4 c5 2. Nf3 e6 3. d4 cxd4 4. Nxd4 Nc6 5. Nc3 Qc7 6. Be2 a6 7. Be3 Nf6 8. f4 Bb4 9. Qd3 b5 10. O-O Bb7 11. e5 Nxd4 12. Bxd4 Bxc3 13. bxc3 Nd5 14.
f5 Rc8 15. Rad1 Qc6 16. Qg3 g6 17. fxe6 dxe6 18. Bf3 Qc7 19. Rd3 Qe7 20. Be4 Nxc3 21. Rxc3 Rxc3 22. Qxc3 Bxe4 23. Bc5 Qb7 24. Qd2 f5 25.
exf6 Bxg2 26. f7+ Qxf7 27. Rxf7 Kxf7 28. Qd7+ Kf6 29. Kxg2 1-0

[Event "*** Titled Tuesday Blitz"]
[Site "Chess.com"]
[Date "2020.04.21"]
[Round "7"]
[White "KingChess345"]
[Black "DrBergerBerger"]
[Result "0-1"]
[WhiteElo "2111"]
[BlackElo "2456"]
[TimeControl "180+1"]
[EndTime "11:21:45 PDT"]
[Termination "DrBergerBerger won on time"]

1. d4 d5 2. Nf3 Nf6 3. g3 Bf5 4. Bg2 Nbd7 5. O-O e6 6. c4 dxc4 7. Qa4 c5 8. Qxc4 Rc8 9. Nc3 cxd4 10. Qxd4 Bc5 11. Qa4 O-O 12. Bf4 Qe7 13. Rac1 Nb6 14. Qb3 Ne4 15. Nxe4 Bxe4 16. Rfd1 h6 17. Rxc5 Qxc5 18.
Bd6 Qh5 19. Bxf8 Bc2 20. Qe3 Bxd1 21. Ba3 Ba4 22. b3 Bc6 23. Bb2 Rd8 24. h3 Qg6 25.
Kh2 Qc2 26. Qe5 f6 27. Qxe6+ Kh7 28. Bxf6 Qg6 29. Ng5+ hxg5 30. Bxc6 bxc6 0-1

[Event "*** Titled Tuesday Blitz"]
[Site "Chess.com"]
[Date "2020.04.21"]
[Round "7"]
[White "Msb2"]
[Black "Baby_Legs"]
[Result "1-0"]
[WhiteElo "2922"]
[BlackElo "2713"]
[TimeControl "180+1"]
[EndTime "11:21:46 PDT"]
[Termination "Msb2 won by resignation"]

1. d4 Nf6 2. Nc3 g6 3. Nf3 c6 4. e4 d6 5. h3 Bg7 6. Be3 O-O 7. Be2 b5 8. a3 Qc7 9. O-O Nbd7 10. Qd2 e5 11. Rad1 Re8 12. Rfe1 a6 13. dxe5 dxe5 14. Qd6 Qxd6 15. Rxd6 Bb7 16. Red1 Nf8 17. Nd2 Ne6 18. Nb3 a5 19. f3 Bf8 20. R6d2 b4 21. Na4 bxa3 22.
bxa3 Bxa3 23. Nb6 a4 24. Nxa8 Rxa8 25. Nc1 Bb4 26. c3 Bxc3 27. Ra2 Nd4 28. Bc4 Nd7 29. Nd3 c5 30. Rc1 Bb4 31. Rb1 Nb6 32. Bxf7+ Kxf7 33. Nxe5+ Ke6 34. Bxd4 a3 35. Nd3 Rd8 36. Nxc5+ Bxc5 37. Bxc5 1-0

[Event "*** Titled Tuesday Blitz"]
[Site "Chess.com"]
[Date "2020.04.21"]
[Round "7"]
[White "Manukyan_Artak"]
[Black "Triumphmate"]
[Result "1-0"]
[WhiteElo "2376"]
[BlackElo "2538"]
[TimeControl "180+1"]
[EndTime "11:21:46 PDT"]
[Termination "Manukyan_Artak won by resignation"]

1. e4 d5 2. exd5 Nf6 3. Nc3 Bg4 4. f3 Bf5 5. Bb5+ c6 6. dxc6 Nxc6 7. Nge2 e5 8. d3 Bc5 9. Ng3 Bg6 10. Nge4 Nxe4 11. Bxc6+ bxc6 12. Nxe4 Bxe4 13. dxe4 Qh4+ 14. g3 Qh3 15. Qe2 O-O 16. Be3 Bxe3 17. Qxe3 Rfd8 18.
Qe2 Rab8 19. b3 Rd4 20. Rd1 Rbd8 21. Rxd4 exd4 22. Kd2 c5 23. Kc1 Qe6 24. Re1 a5 25. a4 Qe5 26. f4 Qb8 27. Qc4 d3 28. cxd3 Rd4 29. Qc3 Qd8 30. Kc2 h5 31. e5 h4 32.
Re4 hxg3 33. hxg3 Rd7 34. Qc4 Qe7 35. e6 fxe6 36. Qxe6+ Qxe6 37. Rxe6 1-0

[Event "*** Titled Tuesday Blitz"]
[Site "Chess.com"]
[Date "2020.04.21"]
[Round "7"]
[White "Bigfish1995"]
[Black "crescentmoon2411"]
[Result "1-0"]
[WhiteElo "3059"]
[BlackElo "2779"]
[TimeControl "180+1"]
[EndTime "11:21:47 PDT"]
[Termination "Bigfish1995 won by resignation"]

1. d4 Nf6 2. c4 e6 3. Nf3 d5 4. e3 Be7 5. b3 O-O 6. Bb2 b6 7. Bd3 Bb7 8. O-O Nbd7 9. Nc3 h6 10.
Rc1 a6 11. cxd5 exd5 12. Ne5 Bd6 13. f4 c5 14. Qf3 b5 15. Nxd7 Qxd7 16. dxc5 Bxc5 17.
Nxb5 axb5 18. Rxc5 d4 19. Qg3 Rxa2 20. Rc2 Rc8 21.
Rd2 Qg4 22. Qe1 dxe3 23. Qxe3 Re8 24. Qb6 Ne4 25. Re2 Rxb2 26. Rxb2 Bd5 27. Qxb5 Nf6 28. Bc4 Bxc4 29. bxc4 Qd7 30. Qxd7 Nxd7 1-0

[Event "*** Titled Tuesday Blitz"]
[Site "Chess.com"]
[Date "2020.04.21"]
[Round "7"]
[White "saisree"]
[Black "Mizner"]
[Result "0-1"]
[WhiteElo "2333"]
[BlackElo "2511"]
[TimeControl "180+1"]
[EndTime "11:21:47 PDT"]
[Termination "Mizner won by resignation"]

1. e4 e6 2. d4 d5 3. Nd2 c5 4.
exd5 Qxd5 5. Ngf3 cxd4 6. Bc4 Qc5 7. O-O Nc6 8. Qe2 Be7 9. Nb3 Qb6 10. Rd1 Bf6 11. Bg5 Bxg5 12. Nxg5 Nge7 13. Qh5 Ng6 14. Nf3 e5 15. Ng5 Nd8 16. c3 Qc6 17. Na5 Qxg2+ 18.
Kxg2 Nf4+ 19. Kf3 Nxh5 20. cxd4 h6 21. Ne4 exd4 22. Nd6+ Ke7 23. Nxc8+ Rxc8 24. Rxd4 Ne6 25. Bxe6 fxe6 26. Nxb7 Rhf8+ 27. Kg4 Nf6+ 28. Kg3 Rb8 29. Nc5 e5 30. Rd2 Rb5 31. b3 Rxc5 0-1

[Event "*** Titled Tuesday Blitz"]
[Site "Chess.com"]
[Date "2020.04.21"]
[Round "7"]
[White "FearNoEvil12"]
[Black "alex_zapata"]
[Result "1-0"]
[WhiteElo "2034"]
[BlackElo "2223"]
[TimeControl "180+1"]
[EndTime "11:21:47 PDT"]
[Termination "FearNoEvil12 won on time"]

1. e4 c5 2. Nc3 e6 3. f4 d5 4.
Nf3 dxe4 5. Bb5+ Nd7 6. Nxe4 Nf6 7. Qe2 Be7 8. O-O O-O 9. d3 a6 10. Bc4 b5 11. Bb3 Bb7 12. c3 Qc7 13. Bd2 Nd5 14.
Rae1 Nxf4 15. Bxf4 Qxf4 16. Ng3 Qh6 17. Nf5 exf5 18.
Qxe7 Bc6 19. Ne5 Nxe5 20. Qxe5 Rae8 21. Qxf5 Rxe1 22. Rxe1 Qd2 23. Qf2 Qxd3 24. Qxc5 Qg6 25. Qf2 h5 26. Bc2 Qg5 27. Bb3 g6 28. Rf1 Be8 29. Qf6 Qc5+ 30. Kh1 Kh7 31. h3 a5 32. Bc2 a4 33. Qf3 Qg5 34. Qf4 Qxf4 35. Rxf4 Bc6 36. Rf6 1-0

[Event "*** Titled Tuesday Blitz"]
[Site "Chess.com"]
[Date "2020.04.21"]
[Round "7"]
[White "sganerdene"]
[Black "drd_davi"]
[Result "1/2-1/2"]
[WhiteElo "2647"]
[BlackElo "2479"]
[TimeControl "180+1"]
[EndTime "11:21:48 PDT"]
[Termination "Game drawn by repetition"]

1. e4 e5 2. Nf3 Nc6 3. Nc3 Nf6 4.
Bb5 Bb4 5. O-O O-O 6. d3 d6 7.
Bg5 Bxc3 8. bxc3 h6 9. Bh4 Ne7 10. Bxf6 gxf6 11. Nh4 Kh7 12. d4 Ng6 13. Qh5 Nxh4 14.
Qxh4 f5 15. Qh5 Qg5 16. Qf3 fxe4 17. Qxe4+ f5 18. Qe2 e4 19. f3 c6 20. Ba4 d5 21.
fxe4 dxe4 22. Bb3 Bd7 23. Rae1 Rae8 24. d5 f4 25. Kh1 f3 26. gxf3 exf3 27. Qf2 Bh3 28.
Rxe8 Bg2+ 29. Kg1 Rxe8 30. Rd1 Re2 31. h4 Qg4 32. Qd4 Qh3 33. Qd3+ Kg7 34. Qd4+ Kh7 35. Qd3+ Kh8 36. Qd4+ Kh7 1/2-1/2

[Event "*** Titled Tuesday Blitz"]
[Site "Chess.com"]
[Date "2020.04.21"]
[Round "7"]
[White "maxip32"]
[Black "nocnypako"]
[Result "0-1"]
[WhiteElo "2418"]
[BlackElo "2581"]
[TimeControl "180+1"]
[EndTime "11:21:48 PDT"]
[Termination "nocnypako won on time"]

1. e4 e6 2. d3 d5 3. Nd2 Nf6 4. Ngf3 Bc5 5. e5 Nfd7 6. d4 Bb6 7. c3 c5 8. Bd3 Nc6 9. Bb5 cxd4 10. Bxc6 bxc6 11.
cxd4 c5 12. O-O O-O 13. Re1 a5 14. dxc5 Nxc5 15. Nb3 Ne4 16. Be3 Bxe3 17. Rxe3 Ba6 18. Nbd2 Nc5 19. Nd4 Rb8 20. b3 f6 21. N2f3 Qb6 22. Rc1 Rbc8 23. exf6 Rxf6 24. Ne5 Qd6 25. Qh5 Ne4 26. Rxc8+ Bxc8 27. Qe8+ Rf8 28. Qh5 Rxf2 29. Rh3 h6 30. Ng4 Qf4 31. Qe8+ Qf8 32. Qxf8+ Rxf8 0-1

[Event "*** Titled Tuesday Blitz"]
[Site "Chess.com"]
[Date "2020.04.21"]
[Round "7"]
[White "Aikiigm"]
[Black "DDTerziev04"]
[Result "0-1"]
[WhiteElo "2554"]
[BlackElo "2302"]
[TimeControl "180+1"]
[EndTime "11:21:48 PDT"]
[Termination "DDTerziev04 won by checkmate"]

1. e4 e6 2. Qe2 Be7 3. Nc3 d5 4. g3 c5 5. Bg2 Nf6 6. f4 Nc6 7.
Nf3 Qb6 8. d3 d4 9. Nd1 Bd7 10.
Nf2 O-O-O 11. g4 h6 12. h4 e5 13. f5 Ne8 14. g5 hxg5 15. hxg5 Rxh1+ 16. Bxh1 f6 17. g6 Nd6 18. b3 Nb5 19. Kf1 Nc3 20. Qd2 a5 21. a4 Rh8 22. Bg2 c4 23. dxc4 Bb4 24. Qd3 Qc5 25. Bd2 Be8 26. Kg1 Bd7 27.
Ng4 Be8 28. Kf2 Bd7 29. Kg3 Be8 30. Nf2 Bd7 31. Rh1 Rxh1 32. Bxh1 Na2 33. Bg2 Bxd2 34. Qxd2 Qb4 35. Qxb4 Naxb4 36. Ne1 Kd8 37. Bf3 Ke7 38. Be2 b6 39. Bd3 Na7 40. Kf3 Nc8 41. Ke2 Nd6 42.
Nh1 Nb7 43. Ng3 Nc5 44. Nh5 Kf8 45. Nf3 Nbxd3 46. cxd3 Nxb3 47. Nh2 Bxa4 48. Ng4 Nc5 49. Ngxf6 gxf6 50. Nxf6 Kg7 51. Nh5+ Kh6 52. Nf6 Kg7 53. Ng4 Nd7 54. Kd2 Bc6 55. Kc2 b5 56. cxb5 Bxb5 57. Nh2 Ba4+ 58. Kb2 Nf6 59. Nf3 Bb5 60. Nxe5 Nh5 61. Kc2 Kf6 62. Nf3 Nf4 63. Ne1 a4 64. Kd2 a3 65. e5+ Kg7 66. e6 a2 67. Kc2 a1=Q 68.
Kd2 Qc3+ 69. Kd1 Ba4+ 70. Nc2 Qxc2+ 71. Ke1 Qe2# 0-1

[Event "*** Titled Tuesday Blitz"]
[Site "Chess.com"]
[Date "2020.04.21"]
[Round "7"]
[White "DrVitman"]
[Black "Vincent_Vega95"]
[Result "1-0"]
[WhiteElo "2553"]
[BlackElo "2701"]
[TimeControl "180+1"]
[EndTime "11:21:50 PDT"]
[Termination "DrVitman won by resignation"]

1. e4 c5 2. Nc3 Nc6 3. Bb5 Qc7 4. Nf3 Nf6 5. O-O Nd4 6. Bd3 Nxf3+ 7. Qxf3 a6 8. Nd5 Nxd5 9. exd5 Qe5 10. Rb1 Qf6 11. Qe2 b5 12. b3 d6 13. Bb2 Qg5 14. f4 Qg4 15. Qf2 Bf5 16. h3 Qg6 17. Bxf5 Qxf5 18. c4 h5 19. d4 cxd4 20. Qxd4 Qd7 21. Kh1 Rc8 22. Rbc1 bxc4 23. Rxc4 f6 24. Rfc1 Rxc4 25. Qxc4 Kf7 26. Qxa6 g6 27. Qc8 Qb5 28. Qe6+ Kg7 29. Kh2 Qb6 30. Rf1 h4 31. f5 Rh5 32. fxg6 Qd8 33.
Qf7+ 1-0

[Event "*** Titled Tuesday Blitz"]
[Site "Chess.com"]
[Date "2020.04.21"]
[Round "7"]
[White "pedroholly22"]
[Black "Kaponov"]
[Result "1-0"]
[WhiteElo "2330"]
[BlackElo "2125"]
[TimeControl "180+1"]
[EndTime "11:21:50 PDT"]
[Termination "pedroholly22 won by resignation"]

1. Nf3 Nf6 2. c4 e6 3. Nc3 d5 4.
d4 Bb4 5. Qa4+ Nc6 6. Ne5 Bxc3+ 7. bxc3 O-O 8. Nxc6 Qd7 9. e3 Qxc6 10. Qxc6 bxc6 11.
Ba3 Re8 12. Rb1 Ba6 13. cxd5 Bxf1 14. Rxf1 cxd5 15. f3 Rab8 16. Kd2 Nd7 17. Bc5 Nxc5 18. dxc5 Kf8 19. a4 Ke7 20. Rb4 a5 21. Rb5 c6 22. Rb6 Rxb6 23. cxb6 Rb8 24. Rb1 Rb7 25. c4 Kd6 26. cxd5 cxd5 27. Rb5 Kc6 28. Rxa5 Kxb6 29. Rb5+ Kc6 30. Rxb7 Kxb7 31. Kc3 Kb6 32. Kb4 e5 33. a5+ Kc6 34. a6 d4 35. exd4 exd4 36.
Kc4 1-0

[Event "*** Titled Tuesday Blitz"]
[Site "Chess.com"]
[Date "2020.04.21"]
[Round "7"]
[White "Noghay"]
[Black "Treacherous_horse64"]
[Result "1-0"]
[WhiteElo "2591"]
[BlackElo "2418"]
[TimeControl "180+1"]
[EndTime "11:21:51 PDT"]
[Termination "Noghay won on time"]

1. d4 d5 2. c4 e6 3. Nf3 dxc4 4.
Nc3 Nf6 5. e3 a6 6. a4 b6 7. Bxc4 Bb7 8. O-O Be7 9. Qe2 O-O 10.
e4 c5 11. dxc5 Bxc5 12. Bg5 Be7 13. Rad1 Nfd7 14. Be3 Qc7 15. Nd4 Re8 16. f4 Nc6 17. Nxe6 Qc8 18. Qg4 g6 19. Ng5 Bxg5 20. Rxd7 Be7 21.
Nd5 Kf8 22. Nxb6 Qb8 23. e5 Bc8 24. e6 f6 25. Qh4 Kg7 26. f5 g5 27. Qh5 Rf8 28.
Nxc8 Qxc8 29. Bd5 1-0

[Event "*** Titled Tuesday Blitz"]
[Site "Chess.com"]
[Date "2020.04.21"]
[Round "7"]
[White "PetrolulSah"]
[Black "UmutErdemGunduz"]
[Result "0-1"]
[WhiteElo "2208"]
[BlackElo "2360"]
[TimeControl "180+1"]
[EndTime "11:21:51 PDT"]
[Termination "UmutErdemGunduz won by resignation"]

1. d4 Nf6 2. c4 e6 3. g3 c5 4. Nf3 cxd4 5. Nxd4 Nc6 6. Bg2 Bc5 7. e3 O-O 8. O-O d5 9. cxd5 exd5 10. Nc3 Bg4 11.
Qb3 Bxd4 12. exd4 Nxd4 13. Qxb7 Bf3 14. Be3 Bxg2 15. Kxg2 Nc2 16. Rab1 d4 17. Rfd1 Nxe3+ 18. fxe3 Ng4 19. exd4 Ne3+ 20. Kg1 Nxd1 21. Rxd1 Rb8 22.
Qxa7 Rxb2 23. Qc5 Qf6 24. Rf1 Qh6 25. Rf2 Qe3 26. Nd1 Rb1 27. Qc2 Rc1 28. Qd2 Qa3 29.
d5 h5 30. d6 h4 31. gxh4 Rc6 32. d7 Rd6 33. Qe2 Rxd7 34. Ne3 Re8 35. Rf3 Qc1+ 36. Qf1 Qc5 37. Qf2 Rde7 38. Ng4 Re1+ 39. Kg2 R1e2 0-1

[Event "*** Titled Tuesday Blitz"]
[Site "Chess.com"]
[Date "2020.04.21"]
[Round "7"]
[White "harrisonchess21"]
[Black "Steven_Rojas"]
[Result "0-1"]
[WhiteElo "2611"]
[BlackElo "2458"]
[TimeControl "180+1"]
[EndTime "11:21:52 PDT"]
[Termination "Steven_Rojas won by resignation"]

1. e4 e6 2. Nc3 c5 3. b3 Nc6 4. Bb2 d5 5. Bb5 d4 6. Nce2 Nf6 7. Ng3 Bd6 8. Qe2 e5 9. Nf3 h5 10. Nf5 Bxf5 11. exf5 O-O 12. Bxc6 bxc6 13. d3 Re8 14. O-O e4 15. dxe4 Rxe4 16. Qa6 Qc7 17. Rfe1 Rae8 18.
Rxe4 Rxe4 19. h3 Nd5 20. Qd3 Qe7 21. Qa6 Nb4 22. Qc8+ Kh7 23. h4 Rxh4 24. f6 Qxf6 25. Nxh4 Qxh4 26. Qf5+ Kg8 27. Qc8+ Kh7 28. Qh3 Qxh3 29.
gxh3 Nxc2 30. Rd1 Nb4 31. a3 Nd5 32. Kg2 Kg6 33. Kf3 Kf5 34. Re1 Nf4 35. h4 Nd3 36.
Re2 Ne5+ 37. Kg2 Nd3 38. Rd2 Nf4+ 39. Kf3 Ng6 40. Kg2 Nxh4+ 41. Kh3 Nf3 42. Re2 g5 43. Re8 g4+ 44. Kg2 d3 45. Bc3 d2 46. Bxd2 Nxd2 47. Rd8 Bf4 48. Rd7 Nxb3 49. Rxf7+ Ke4 50. Rxa7 c4 51.
Re7+ Be5 52. a4 c3 53. Re6 c2 54. Rxc6 c1=Q 0-1

[Event "*** Titled Tuesday Blitz"]
[Site "Chess.com"]
[Date "2020.04.21"]
[Round "7"]
[White "Nara_Kh"]
[Black "SloLev"]
[Result "0-1"]
[WhiteElo "2365"]
[BlackElo "2527"]
[TimeControl "180+1"]
[EndTime "11:21:52 PDT"]
[Termination "SloLev won by resignation"]

1. e4 e5 2. Nf3 Nc6 3. Bb5 Nge7 4. O-O g6 5. c3 Bg7 6. d4 exd4 7. cxd4 a6 8. Ba4 b5 9. Bb3 O-O 10. Nc3 d6 11. h3 h6 12. Be3 Na5 13. Bc2 Nc4 14.
Bc1 c5 15. b3 Nb6 16. Bb2 c4 17. b4 d5 18. e5 Bf5 19. a4 Qd7 20. a5 Nbc8 21.
Ne2 Na7 22. Nf4 Nac6 23. Bc3 Bxc2 24. Qxc2 Rfd8 25. e6 Qd6 26. exf7+ Kxf7 27. Qd2 Re8 28. Rfe1 Ng8 29. Ne5+ Nxe5 30. dxe5 Bxe5 31. Bxe5 Rxe5 32.
Rxe5 Qxe5 33. Re1 Qg5 34. Qxd5+ Qxd5 35. Nxd5 Rd8 36. Nc7 Rd6 37. Re5 Nf6 38. Kf1 c3 39. Rc5 Ne4 40. Rd5 c2 41. Rxd6 c1=Q+ 42. Ke2 Nxd6 0-1

[Event "*** Titled Tuesday Blitz"]
[Site "Chess.com"]
[Date "2020.04.21"]
[Round "7"]
[White "plumalka"]
[Black "KuzubovYuriy"]
[Result "0-1"]
[WhiteElo "2446"]
[BlackElo "2755"]
[TimeControl "180+1"]
[EndTime "11:21:53 PDT"]
[Termination "KuzubovYuriy won by resignation"]

1. e4 c6 2. d4 d5 3. e5 Bf5 4. c4 dxc4 5. Bxc4 e6 6. Nc3 Ne7 7. Nge2 h6 8. O-O Bh7 9. Ng3 Nd7 10. Nce4 Nd5 11. Bxd5 cxd5 12. Nc3 Qb6 13. Qg4 Bg6 14. h4 h5 15. Qf4 Rc8 16. Be3 Be7 17. Rac1 O-O 18.
b3 Qa5 19. Bd2 Bb4 20. Qf3 f6 21. Nxd5 Rxc1 22. Rxc1 Bxd2 23. Ne7+ Kf7 24. Nxg6 Bxc1 25. Qxh5 Rc8 26. d5 Qe1+ 27. Kh2 exd5 28. Nf4+ Kg8 29.
e6 Bxf4 30. Qf7+ Kh7 31. exd7 Rd8 32. Kh3 Qe5 33. Nh5 Bh6 34. f4 Qf5+ 35. g4 Rxd7 36. Nxf6+ Qxf6 37. Qxd7 Qc3+ 38. Kg2 Qd2+ 39. Kh3 Qd3+ 40.
Kg2 Bxf4 41. Qf5+ Qxf5 42. gxf5 Be5 43. Kf3 Kh6 44. Kg4 Bf6 45. Kf4 a5 46. h5 Kxh5 0-1

[Event "*** Titled Tuesday Blitz"]
[Site "Chess.com"]
[Date "2020.04.21"]
[Round "7"]
[White "HanSchut"]
[Black "MathiasWomacka"]
[Result "1/2-1/2"]
[WhiteElo "2273"]
[BlackElo "2448"]
[TimeControl "180+1"]
[EndTime "11:21:53 PDT"]
[Termination "Game drawn - insufficient material"]

1. e4 c5 2. Nf3 d6 3. d4 cxd4 4. Nxd4 Nf6 5. f3 e5 6. Bb5+ Nbd7 7. Nf5 d5 8. exd5 a6 9. Bxd7+ Qxd7 10. Ne3 b5 11. a4 Bb7 12. axb5 axb5 13. Rxa8+ Bxa8 14. Nc3 Bc5 15. Qe2 O-O 16. Qxb5 Qxb5 17. Nxb5 Nxd5 18.
Nxd5 Bxd5 19. b3 f5 20. c4 Bc6 21. Ke2 e4 22. f4 Rb8 23. Be3 Bxe3 24. Kxe3 Bxb5 25. cxb5 Rxb5 26. Rb1 Kf7 27. Kd4 Ke6 28. Kc4 Rb7 29. Rb2 Kd6 30. b4 Kc6 31. b5+ Kb6 32.
Kd5 Rc7 33. g4 Rc5+ 34. Kd4 fxg4 35. Kxe4 h5 36. f5 Rc4+ 37. Ke5 h4 38. Ke6 g3 39. hxg3 hxg3 40. Kf7 Rg4 41. Rg2 Kxb5 42. f6 gxf6 43. Kxf6 Kc4 44. Kf5 Rg8 45. Kf4 Kd4 46. Rxg3 Rxg3 47.
Kxg3 1/2-1/2

[Event "*** Titled Tuesday Blitz"]
[Site "Chess.com"]
[Date "2020.04.21"]
[Round "7"]
[White "Rozum_Ivan"]
[Black "ALeks_Ivlev"]
[Result "1-0"]
[WhiteElo "2721"]
[BlackElo "2520"]
[TimeControl "180+1"]
[EndTime "11:21:54 PDT"]
[Termination "Rozum_Ivan won by resignation"]

1. Nf3 Nf6 2. g3 b5 3. Bg2 Bb7 4. O-O g6 5. d3 Bg7 6. c4 bxc4 7.
dxc4 O-O 8. Nc3 c5 9. Bg5 d6 10.
Qd2 Nbd7 11. Rad1 Rb8 12. Rfe1 Ne4 13. Nxe4 Bxe4 14. Qe3 f5 15. Rxd6 exd6 16. Bxd8 Rfxd8 17. b3 Nf6 18. Ng5 Ng4 19. Qd2 d5 20. Ne6 Rd6 21. Nxg7 Bxg2 22. Nxf5 gxf5 23. Kxg2 d4 24. Qg5+ Rg6 25. Qxf5 Rf8 26. Qd5+ Kg7 27. h3 Rxf2+ 28.
Kg1 Ne3 29. Kxf2 Nxd5 30. cxd5 Rd6 31. e4 dxe3+ 32. Rxe3 Kf6 33. Re6+ Rxe6 34. dxe6 Kxe6 35. Ke3 Ke5 36. Kd3 Kd5 37. g4 Ke5 38. Ke3 a5 39. a3 Kd5 40. Kd3 Ke5 41. Kc4 Kf4 42. Kxc5 Kg3 43. b4 axb4 44. axb4 Kxh3 45. b5 Kxg4 46. b6 h5 47. b7 h4 48. b8=Q h3 49.
Qh2 1-0

[Event "*** Titled Tuesday Blitz"]
[Site "Chess.com"]
[Date "2020.04.21"]
[Round "7"]
[White "White_Ghost"]
[Black "Dinamo81"]
[Result "0-1"]
[WhiteElo "2438"]
[BlackElo "2621"]
[TimeControl "180+1"]
[EndTime "11:21:54 PDT"]
[Termination "Dinamo81 won on time"]

1. d4 e6 2. c4 d5 3. Nf3 a6 4. g3 dxc4 5. Bg2 b5 6. Ne5 c6 7.
O-O Bb7 8. a4 Nf6 9. Nc3 Qc8 10.
e4 Nbd7 11. f4 Be7 12. f5 exf5 13. Rxf5 O-O 14. Qf3 Nxe5 15. dxe5 Nd7 16. Bh3 Qc7 17. Bf4 Qb6+ 18. Kh1 Nc5 19. a5 Qd8 20. Rf1 Bc8 21. Rh5 Qd3 22. Qg2 b4 23. Rd1 Bxh3 24. Rxh3 bxc3 25. Rxd3 cxd3 26. bxc3 Rab8 27. Qd2 Rb1+ 28. Kg2 Rfb8 29. Qe3 R8b2+ 30. Kf3 d2 31. Rxh7 d1=Q+ 0-1